 Dungeon Crawl Stone Soup version 0.21-a0-426-g98080a9 (webtiles) character file.

36348 theanonym the Impaler (level 13, -1/108 HPs)
             Began as a Merfolk Gladiator on Nov 5, 2017.
             Was a High Priest of Okawaru (penitent).
             Shot with an arrow by a centaur warrior (11 damage)
             ... created by the fury of Okawaru
             ... on level 5 of the Lair of Beasts.
             The game lasted 00:56:01 (20504 turns).

theanonym the Impaler (Merfolk Gladiator)          Turns: 20504, Time: 00:56:02

Health: -1/108     AC: 16    Str: 17    XL:     13   Next: 89%
Magic:  20/20      EV: 15    Int:  7    God:    Okawaru [*]
Gold:   864        SH:  0    Dex: 18    Spells: 6/12 levels left

rFire    + . .     SeeInvis .   D - +0 glaive
rCold    + . .     Gourm    .   (shield currently unavailable)
rNeg     . . .     Faith    .   g - +0 chain mail {rF+}
rPois    .         Spirit   .   p - +2 hat
rElec    .         Reflect  .   R - +0 cloak
rCorr    .         Harm     .   a - +1 pair of gloves {archery} {god gift}
MR       .....                  c - +2 pair of boots
Stlth    ..........             (no amulet)
HPRegen  0.28/turn              A - ring of protection from cold
MPRegen  0.17/turn              (no ring)

@: about to teleport
A: change form in water, swift swim, stealthy swim
a: Renounce Religion


You were on level 5 of the Lair of Beasts.
You worshipped Okawaru.
Okawaru was demanding penance.
You were not hungry.

You visited 3 branches of the dungeon, and saw 17 of its levels.

You collected 864 gold pieces.

Inventory:

Hand Weapons
 D - a +0 glaive (weapon)
   (You found it on level 9 of the Dungeon)
Missiles
 z - 7 javelins of penetration {god gift}
 I - 7 silver tomahawks {god gift}
 O - 2 javelins (quivered)
 P - 2 tomahawks
Armour
 a - a +1 pair of gloves of archery (worn) {god gift}
   (Okawaru gifted it to you on level 2 of the Lair of Beasts)
 c - a +2 pair of boots (worn)
   (You found it on level 7 of the Dungeon)
 g - a +0 chain mail of fire resistance (worn)
   (You found it on level 1 of the Lair of Beasts)
 p - a +2 hat (worn)
   (You found it on level 3 of the Dungeon)
 B - a +2 plate armour of magic resistance {god gift}
   (Okawaru gifted it to you on level 6 of the Lair of Beasts)
 R - a +0 cloak (worn)
   (You found it on level 5 of the Lair of Beasts)
 Y - a +2 chain mail of cold resistance
   (You found it on level 5 of the Lair of Beasts)
Jewellery
 A - a ring of protection from cold (left hand)
   (You found it on level 9 of the Dungeon)
Wands
 v - a wand of lightning (8/15)
   (You found it on level 4 of the Dungeon)
 E - a wand of enslavement (5/24)
   (You found it on level 9 of the Dungeon)
 K - a wand of polymorph (15/24)
   (You found it on level 1 of the Lair of Beasts)
 Q - a wand of digging (17/24)
   (You took it off a naga on level 3 of the Lair of Beasts)
 V - a wand of disintegration (7/24)
   (You found it on level 5 of the Lair of Beasts)
Scrolls
 i - 4 scrolls of recharging
 k - a scroll of blinking
 l - 12 scrolls of remove curse
 r - a scroll of identify
 s - 5 scrolls of enchant armour
 x - 4 scrolls of magic mapping {!r}
 y - a scroll of teleportation {!r}
 C - 2 scrolls of enchant weapon {unknown}
 F - 2 scrolls of amnesia {unknown}
 G - 2 scrolls of summoning {unknown}
 M - 3 scrolls of holy word {unknown}
 N - a scroll of silence
Potions
 e - 3 potions of flight {unknown}
 f - 2 potions of invisibility
 j - 2 potions of resistance
 m - a potion of might {unknown}
 t - a potion of curing
 T - a potion of berserk rage {unknown}
Books
 n - a book of Frost
   (You found it on level 5 of the Dungeon)

   Spells                             Type                      Level
   a - Freeze                         Ice                          1
   b - Throw Frost                    Conjuration/Ice              2
   c - Ozocubu's Armour               Charms/Ice                   3
   d - Throw Icicle                   Conjuration/Ice              4
   e - Summon Ice Beast               Ice/Summoning                4
 J - a book of Misfortune
   (You found it on level 9 of the Dungeon)

   Spells                             Type                      Level
   a - Confusing Touch                Hexes                        1
   b - Confuse                        Hexes                        3
   c - Gell's Gravitas                Translocation                3
   d - Petrify                        Transmutation/Earth          4
   e - Metabolic Englaciation         Hexes/Ice                    5
   f - Yara's Violent Unravelling     Hexes/Transmutation          5
 L - a book of Battle
   (You found it on level 1 of the Lair of Beasts)

   Spells                             Type                      Level
   a - Infusion                       Charms                       1
   b - Shroud of Golubria             Charms/Translocation         2
   c - Song of Slaying                Charms                       2
   d - Spectral Weapon                Hexes/Charms                 3
   e - Regeneration                   Charms/Necromancy            3
 W - a book of Unlife
   (You found it on level 6 of the Lair of Beasts)

   Spells                             Type                      Level
   a - Recall                         Summoning/Translocation      3
   b - Animate Dead                   Necromancy                   4
   c - Control Undead                 Necromancy                   4
   d - Cigotuvi's Embrace             Necromancy                   5
   e - Death Channel                  Necromancy                   6
   f - Simulacrum                     Ice/Necromancy               6
Comestibles
 b - a chunk of flesh
 h - 11 fruits
 o - 3 royal jellies
 w - 5 meat rations
 X - a bread ration


   Skills:
 + Level 12.1 Fighting
 * Level 19.1 Polearms
 - Level 5.0 Throwing
 + Level 14.3 Dodging
 - Level 10.0 Invocations


You had 6 spell levels left.
You knew the following spells:

 Your Spells              Type           Power        Failure   Level  Hunger
a - Regeneration          Chrm/Necr      #.........   100%        3    ####...
b - Spectral Weapon       Hex/Chrm       #.......     100%        3    ####...


Dungeon Overview and Level Annotations

Branches:
Dungeon (10/15)            Temple (1/1) D:5            Lair (6/6) D:9
  Swamp (0/4) Lair:2        Snake (0/4) Lair:3        Slime (0/5) Lair:5
    Orc: D:9-12

Altars:
Ashenzari
Cheibriados
Dithmenos
Elyvilon
Gozag
Hepliaklqana
Kikubaaqudgha
Makhleb
Nemelex Xobeh
Okawaru
Ru
Sif Muna
Trog
Uskayaw
Vehumet
Xom
Zin

Shops:
D:4 }

Annotations:
D:2 exclusion: moth of wrath
D:3 theanonym's ghost, amateur MfGl
Lair:1 exclusion: 2 oklob plants


Message History

Unknown command.
Unknown command.
Unknown command.
Unknown command.
You take 19 damage, and have 38/108 hp.
Unknown command.
Unknown command.
Unknown command.
Unknown command.
Unknown command.
Unknown command.
Unknown command.
Unknown command.
Unknown command.
Unknown command.
Unknown command.
Unknown command.
Unknown command.
Unknown command.
Unknown command.
Unknown command.
Unknown command.
Unknown command.
Unknown command.
Unknown command.
Unknown command.
Unknown command.
Unknown command.
Unknown command.
Unknown command.
Unknown command.
Unknown command.
Unknown command.
Unknown command.
Unknown command.
Unknown command.
Unknown command.
Unknown command.
Unknown command.
Unknown command.
Unknown command.
Unknown command.
Attack whom?
Aim: a hornet You reach to attack!
You miss the hornet.
A hornet comes into view.
Your chain mail prevents you from hitting the hornet.
The hornet barely misses you.
You hit the hornet but do no damage. The hornet stings you!
* * * LOW HITPOINT WARNING * * *
You feel yourself slow down.
You take 9 damage, and have 30/108 hp.
It was a potion of curing.
You feel better. The hornet stings you!
* * * LOW HITPOINT WARNING * * *
You are poisoned.
You feel as though you will be slow longer.
The hornet closely misses you.
Really read
y - 3 scrolls of teleportation {!r}?
As you read the scroll of teleportation {!r}, it crumbles to dust.
You feel strangely unstable.
You feel sick.
The hornet stings you but does no damage.
The hornet closely misses you. The hornet misses you. x2
You take 1 damage, and have 29/108 hp.
You feel sick.
The hornet stings you but does no damage.
The hornet closely misses you.
You take 1 damage, and have 28/108 hp.
You feel yourself speed up.
Your surroundings suddenly seem different.
You feel sick.
You feel sick.
You take 1 damage, and have 27/108 hp.
You feel sick.
You take 1 damage, and have 26/108 hp.
You feel sick.
There is a stone staircase leading up, spattered with blood here.
You take 1 damage, and have 26/108 hp.
You climb upwards.
You feel sick.
There is a stone staircase leading down here.
You start resting.
You feel sick. x5
You are no longer poisoned.
You start resting.
Okawaru sends forces against you!
A deep elf master archer, a minotaur and a centaur warrior come into view.
You regained 8 hp, and now have 34/108 hp.
Really read
y - 2 scrolls of teleportation {!r}?
As you read the scroll of teleportation {!r}, it crumbles to dust.
You feel strangely unstable.
The centaur warrior hits you but does no damage.
The centaur warrior hits you but does no damage.
The centaur warrior closely misses you.
The deep elf master archer wields a longbow.
The deep elf master archer shoots an arrow.
The arrow hits you!!
* * * LOW HITPOINT WARNING * * *
The arrow disappears in a puff of smoke!
The centaur warrior wields a shortbow.
The centaur warrior shoots an arrow.
The arrow hits you!
You die...

# ####### # #.....# ##
#....######### .# ###
####e....##..##.# ## .## #P##
#..>....#.......###. ..# ##..##
##.cH....#......##..# ..# #....#
#.#.......#.....###.. ..#
##....###...@...........##...
..###.........................#..
..P.#............................
................#P...###.........
..........#.#.≈≈≈≈≈≈≈≈P≈≈........
..........##.≈≈≈≈≈≈≈≈≈≈≈#..###P..
......P..##≈≈≈≈#######≈≈≈.## ###.
.......###≈≈≈≈P#≈≈≈≈≈##≈≈.# ##
.(.....# #≈≈≈≈≈≈≈≈≈≈≈[#≈≈.## #


You could see a deep elf master archer, a minotaur and a centaur warrior.

Vanquished Creatures
  2 hydras
  2 two-headed ogres (D:9)
  The ghost of Vales the Zephyrmancer, a novice DrAE of Sif Muna (D:9)
  6 death yaks (Lair:6)
  A manticore (Lair:6)
  Pikel (D:6)
  A lindwurm (Lair:6)
  10 elephants
  2 black mambas
  9 spiny frogs
  3 rime drakes
  A torpor snail (Lair:6)
  8 komodo dragons
  2 polar bears
  2 hornets
  A tyrant leech (Lair:6)
  A dream sheep (Lair:6)
  14 blink frogs
  3 hippogriffs
  16 yaks
  A hungry ghost (D:8)
  5 basilisks
  7 vampire mosquitoes (Lair:2)
  4 nagas (Lair:3)
  11 swamp worms (Lair:5)
  13 water moccasins
  6 porcupines
  5 orc warriors
  An ice beast (D:7)
  An eye of draining (D:9)
  2 sky beasts
  2 slaves (D:6)
  A necrophage (D:6)
  5 ogres
  8 wolves
  A centaur (D:6)
  20 crocodiles
  Blork the orc (D:6)
  14 bullfrogs
  4 scorpions
  3 killer bees
  3 howler monkeys
  A bullfrog zombie (D:7)
  9 orc wizards
  6 orc priests
  2 bullfrog skeletons
  2 gnoll shamans
  5 hounds
  5 iguanas
  2 jellies
  5 worker ants
  A hound zombie (D:9)
  A howler monkey zombie (D:5)
  11 gnolls
  3 adders
  2 shadow imps
  5 oozes
  An adder zombie (D:6)
  11 worms
  3 dart slugs
  4 leopard geckos
  32 orcs
  2 bat zombies (D:2)
  4 giant cockroaches
  4 goblins
  6 hobgoblins
  12 jackals
  4 quokkas
  3 ball pythons
  10 bats
  7 frilled lizards
  A giant cockroach zombie (D:6)
  11 kobolds
  A leopard gecko zombie (D:5)
  9 rats
  2 rat zombies (D:2)
391 creatures vanquished.

Vanquished Creatures (collateral kills)
  A death yak (Lair:6)
1 creature vanquished.

Vanquished Creatures (others)
  A slave (D:6)
  A hound (D:6)
  2 jackals (D:6)
  A bush (Lair:6)
  11 fungi
  22 plants
38 creatures vanquished.

Grand Total: 430 creatures vanquished

Notes
Turn   | Place    | Note
-------+----------+-------------------------------------------
     0 | D:1      | theanonym the Merfolk Gladiator began the quest for the Orb.
     0 | D:1      | Reached XP level 1. HP: 16/16 MP: 1/1
   124 | D:1      | Reached XP level 2. HP: 13/23 MP: 2/2
   357 | D:1      | Reached skill level 5 in Polearms
   524 | D:1      | Reached XP level 3. HP: 23/28 MP: 3/3
  1327 | D:2      | Noticed a moth of wrath
  1330 | D:2      | Found a bloodstained altar of Trog.
  1556 | D:2      | Reached XP level 4. HP: 34/34 MP: 4/4
  1637 | D:2      | Reached skill level 3 in Fighting
  1807 | D:2      | Found an ancient bone altar of Kikubaaqudgha.
  2034 | D:2      | Reached skill level 6 in Polearms
  2057 | D:3      | Noticed theanonym's ghost (amateur MfGl)
  2341 | D:3      | Reached skill level 5 in Dodging
  2341 | D:3      | Reached XP level 5. HP: 34/41 MP: 5/5
  2922 | D:3      | theanonym: !lg * win race=merfolk s=god
  2922 | D:3      | beem: 2364 games for * (win race=merfolk): 407x Okawaru, 290x The Shining One, 216x Trog, 172x Ashenzari, 131x Fedhas, 128x Cheibriados, 125x Makhleb, 106x Yredelemnul, 85x Lugonu, 85x Zin, 62x Sif Muna, 57x Xom, 56x Kikubaaqudgha, 54x Jiyva, 53x Hepliaklqana, 50x Qazlal, 49x Ru, 47x Gozag, 44x Vehumet, 41x Nemelex Xobeh, 36x Dithmenos, 21x Elyvilon, 15x Uskayaw, 13x, 11x Wu Jian, 6x Pakellas, 3x Wudz...
  3549 | D:4      | Reached skill level 7 in Polearms
  3663 | D:4      | Reached XP level 6. HP: 48/48 MP: 6/6
  3664 | D:4      | Found Uckeank's Gadget Emporium.
  3753 | D:4      | Reached skill level 4 in Fighting
  3866 | D:4      | Reached skill level 8 in Polearms
  4195 | D:5      | Entered Level 5 of the Dungeon
  4202 | D:5      | Reached skill level 6 in Dodging
  4202 | D:5      | Reached XP level 7. HP: 49/55 MP: 7/7
  4417 | D:5      | Found a staircase to the Ecumenical Temple.
  4428 | Temple   | Entered the Ecumenical Temple
  4646 | D:5      | Reached skill level 9 in Polearms
  4668 | D:5      | Found a hide-covered altar of Uskayaw.
  4671 | D:5      | Found a shattered altar of Ashenzari.
  4674 | D:5      | Found an iron altar of Okawaru.
  4751 | D:5      | Became a worshipper of Warmaster Okawaru
  4757 | D:5      | Found a white marble altar of Elyvilon.
  4946 | D:5      | Reached skill level 5 in Fighting
  4975 | D:5      | Reached XP level 8. HP: 62/62 MP: 8/8
  5134 | D:6      | Reached skill level 10 in Polearms
  5134 | D:6      | Reached skill level 7 in Dodging
  5398 | D:5      | Reached * piety under Okawaru
  5673 | D:6      | Reached skill level 11 in Polearms
  5673 | D:6      | Reached skill level 1 in Invocations
  5677 | D:6      | Reached skill level 6 in Fighting
  5911 | D:6      | Reached skill level 8 in Dodging
  5911 | D:6      | Reached skill level 2 in Invocations
  5924 | D:6      | Reached XP level 9. HP: 64/68 MP: 8/10
  6091 | D:6      | Noticed Pikel
  6124 | D:6      | Killed Pikel
  6124 | D:6      | Reached ** piety under Okawaru
  6124 | D:6      | Reached skill level 12 in Polearms
  6124 | D:6      | Reached skill level 3 in Invocations
  6273 | D:6      | Noticed Blork the orc
  6281 | D:6      | Killed Blork the orc
  6648 | D:7      | Reached skill level 7 in Fighting
  6817 | D:7      | Reached skill level 9 in Dodging
  6971 | D:7      | Reached skill level 13 in Polearms
  6971 | D:7      | Reached skill level 4 in Invocations
  7087 | D:7      | Reached *** piety under Okawaru
  7126 | D:7      | Reached XP level 10. HP: 18/78 MP: 11/13
  7493 | D:7      | Found a deep blue altar of Sif Muna.
  8453 | D:9      | Reached skill level 5 in Invocations
  8553 | D:9      | Noticed a two-headed ogre
  8572 | D:9      | Killed a two-headed ogre
  8572 | D:9      | Received a gift from Okawaru
  8572 | D:9      | Reached skill level 8 in Fighting
  8572 | D:9      | Reached skill level 14 in Polearms
  8572 | D:9      | Reached skill level 10 in Dodging
  8762 | D:9      | Found a staircase to the Lair.
  8877 | D:9      | Noticed Vales's ghost (novice DrAE)
  8903 | D:9      | Found a snail-covered altar of Cheibriados.
  8913 | D:9      | HP: 9/79 [Vales's ghost (10)]
  8915 | D:9      | HP: 3/79 [Vales's ghost (6)]
  8922 | D:9      | Killed Vales's ghost
  9632 | D:9      | Paralysed by a hornet for 3 turns
  9641 | D:9      | Reached skill level 3 in Throwing
  9641 | D:9      | Reached skill level 6 in Invocations
  9945 | D:9      | Noticed a two-headed ogre
  9997 | D:9      | Killed a two-headed ogre
  9997 | D:9      | Reached **** piety under Okawaru
  9999 | D:9      | Reached skill level 9 in Fighting
  9999 | D:9      | Reached XP level 11. HP: 63/89 MP: 12/15
 10380 | D:10     | Entered Level 10 of the Dungeon
 10395 | D:9      | Reached skill level 11 in Dodging
 10431 | D:9      | Reached skill level 4 in Throwing
 10448 | Lair:1   | Entered Level 1 of the Lair of Beasts
 11051 | Lair:1   | Reached ***** piety under Okawaru
 11348 | Lair:1   | Reached skill level 5 in Throwing
 11363 | Lair:1   | Learned a level 3 spell: Regeneration
 11467 | Lair:1   | Noticed an oklob plant
 11836 | Lair:1   | Noticed an oklob plant
 11890 | Lair:1   | Learned a level 3 spell: Spectral Weapon
 12093 | Lair:2   | Received a gift from Okawaru
 12093 | Lair:2   | Reached skill level 15 in Polearms
 12160 | Lair:2   | Found a staircase to the Swamp.
 12509 | Lair:2   | Reached skill level 10 in Fighting
 12782 | Lair:2   | Reached skill level 12 in Dodging
 12820 | Lair:2   | theanonym: !lg * win race=merfolk class=gladiator s=maxskills
 12820 | Lair:2   | beem: 489 games for * (win race=merfolk class=gladiator): 117x, 81x Fighting,Polearms,Dodging, 38x Polearms, 36x Fighting,Dodging, 32x Dodging, 28x Polearms,Dodging, 19x Fighting, 19x Fighting,Polearms,Dodging,Invocations, 14x Fighting,Polearms, 8x Fighting,Polearms,Dodging,Shields, 7x Fighting,Polearms,Armour,Dodging,Invocations, 6x Fighting,Polearms,Armour,Dodging, 5x Fighting,Polearms,Armour,Dodgin...
 12820 | Lair:2   | theanonym: !lg * win race=merfolk class=gladiator s=fifsk
 12820 | Lair:2   | beem: 489 games for * (win race=merfolk class=gladiator): 34x Fighting,Polearms,Armour,Dodging, 25x, 17x Fighting,Polearms,Armour,Dodging,Shields, 17x Fighting,Polearms,Armour,Dodging,Invocations, 14x Fighting,Polearms,Armour,Dodging,Evocations, 13x Fighting,Polearms,Armour,Dodging,Shields,Invocations, 9x Fighting,Polearms,Dodging,Charms, 8x Fighting,Polearms,Armour,Dodging,Charms, 8x Fighting,Polearm...
 12820 | Lair:2   | theanonym: !lg * win race=merfolk god=okawaru class=gladiator s=fifsk
 12820 | Lair:2   | beem: 122 games for * (win race=merfolk god=okawaru class=gladiator): 16x Fighting,Polearms,Armour,Dodging, 10x, 9x Fighting,Polearms,Armour,Dodging,Shields, 6x Fighting,Polearms,Armour,Dodging,Charms, 6x Fighting,Polearms,Armour,Dodging,Evocations, 3x Fighting,Polearms,Throwing,Armour,Dodging, 3x Fighting,Polearms,Dodging,Shields, 3x Fighting,Polearms,Dodging,Shields,Charms, 2x Fighting,Polearms,Thro...
 13160 | Lair:2   | Received a gift from Okawaru
 13160 | Lair:2   | Reached skill level 7 in Invocations
 13823 | Lair:3   | Reached XP level 12. HP: 76/97 MP: 17/17
 14245 | Lair:3   | Reached skill level 16 in Polearms
 14465 | Lair:3   | Upgraded the game from 0.21-a0-421-gfc1ce30 to 0.21-a0-426-g98080a9
 14918 | Lair:3   | Found a staircase to the Snake Pit.
 15859 | Lair:4   | Reached skill level 8 in Invocations
 15976 | Lair:4   | Noticed a six-headed hydra
 15984 | Lair:4   | Killed a six-headed hydra
 16194 | Lair:4   | Reached skill level 17 in Polearms
 16194 | Lair:4   | Reached skill level 13 in Dodging
 16205 | Lair:4   | Reached skill level 11 in Fighting
 17001 | Lair:5   | Received a gift from Okawaru
 17238 | Lair:5   | Found a staircase to the Slime Pits.
 17384 | Lair:5   | Reached XP level 13. HP: 106/106 MP: 19/19
 18062 | Lair:5   | Reached skill level 9 in Invocations
 18162 | Lair:5   | Reached skill level 18 in Polearms
 18567 | Lair:6   | Entered Level 6 of the Lair of Beasts
 18781 | Lair:6   | Received a gift from Okawaru
 18826 | Lair:6   | Received a gift from Okawaru
 18848 | Lair:6   | Received a gift from Okawaru
 19424 | Lair:6   | Reached skill level 14 in Dodging
 20050 | Lair:6   | Reached skill level 12 in Fighting
 20248 | Lair:6   | Reached skill level 19 in Polearms
 20261 | Lair:6   | Was placed under penance by Okawaru
 20385 | Lair:6   | Reached skill level 10 in Invocations
 20501 | Lair:5   | Noticed a deep elf master archer
 20501 | Lair:5   | Noticed a minotaur
 20504 | Lair:5   | HP: 10/108 [deep elf master archer/arrow[the fury of Okawaru] (25)]
 20504 | Lair:5   | Shot with an arrow by a centaur warrior

Vault maps used:
D:1:      minmay_arrival_glassed_features, serial_forest,
          infiniplex_forest_clump_long, infiniplex_forest_corner_2,
          infiniplex_forest_straight_4, infiniplex_forest_lined_corner,
          infiniplex_forest_lined_2, infiniplex_forest_clump_tiny,
          infiniplex_forest_clump_small, infiniplex_forest_end_2
D:2:      lemuel_zombie_altar_kikubaaqudgha, tgw_trog
D:3:      first_bread, kennysheep_minor_cross
D:4:      serial_shops, shop
D:5:      grunt_temple_overflow_cloverleaf, minmay_temple_entry_large_hall
D:6:      minivault_23, uniq_blork_the_orc, uniq_pikel
D:7:      basic_altar
D:8:      grunt_temple_overflow_open
D:9:      lemuel_round_altar, dpeg_oklobed_lair
D:10:     basic_altar, hangedman_pestilent_swarm
Temple:   nicolae_temple_figure_zero
Lair:1:   nicolae_quartered_pool_medium, serial_bayou_shore_a,
          minmay_lair_oklob_chamber
Lair:2:   minmay_swamp_entry_swarm
Lair:3:   minmay_snake_entry_guardpost_small
Lair:5:   nicolae_slime_entry_slimehenge, worms_lemuel
Lair:6:   wormcave, hangedman_lair_in_review

Skill      XL: |  1  2  3  4  5  6  7  8  9 10 11 12 13 |
---------------+----------------------------------------+-----
Polearms       | 5 6 7 8 9 11 13 14 15 17 19 | 19.1
Fighting       | 3 4 5 6 7 9 10 11 12 | 12.1
Dodging        | 5 6 8 9 10 12 13 14 | 14.3
Invocations    | 2 4 6 7 8 10 | 10.0
Throwing       | 3 5 |  5.0

Action                   |  1- 3 |  4- 6 |  7- 9 | 10-12 | 13-15 || total
-------------------------+-------+-------+-------+-------+-------++-------
Melee: Trident           |   115 |   302 |   461 |   284 |       ||  1162
       Punch             |       |       |     3 |     3 |       ||     6
       Tailslap          |       |       |       |     4 |    10 ||    14
       Glaive            |       |       |       |   542 |   350 ||   892
Throw: Throwing net      |       |       |     3 |     4 |       ||     7
       Javelin           |       |       |     5 |    63 |    30 ||    98
       Tomahawk          |       |       |       |     8 |     2 ||    10
Invok: Heroism           |       |       |     7 |    13 |     5 ||    25
       Finesse           |       |       |       |     1 |     2 ||     3
Evoke: Wand              |       |       |       |       |     4 ||     4
  Use: Scroll            |       |     3 |     1 |    11 |     9 ||    24
       Potion            |       |       |       |     2 |     3 ||     5
 Stab: Sleeping          |     2 |     3 |       |     2 |       ||     7
       Distracted        |     1 |       |     1 |       |     1 ||     3
       Held in net/web   |       |       |       |     5 |       ||     5
  Eat: Chunk             |     2 |     1 |     8 |    14 |     8 ||    33
       Bread ration      |       |     1 |       |     4 |       ||     5
       Meat ration       |       |     1 |       |     1 |       ||     2
Armor: Leather armour    |    21 |    69 |    43 |    43 |       ||   176
       Skin              |       |       |       |     3 |       ||     3
       Ring mail         |       |       |       |    38 |     9 ||    47
       Chain mail        |       |       |       |    12 |    95 ||   107
Dodge: Dodged            |    62 |   167 |   274 |   549 |   164 ||  1216

Table legend:
 A = Spawn XP
 B = Non-spawn XP
 C = Spawn XP percentage of total XP
 D = Spawn monster count
 E = Non-spawn monster count
 F = Spawn count percentage of total count
 G = Total turns spent on level
                    A         B        C        D         E        F      G
               +---------+---------+-------+---------+---------+-------+---------
         Total |       0 |   51927 |   0.0 |       0 |     389 |   0.0 | 20504
               +---------+---------+-------+---------+---------+-------+---------
           D:1 |       0 |      42 |   0.0 |       0 |      24 |   0.0 |   890
           D:2 |       0 |      59 |   0.0 |       0 |      24 |   0.0 |  1392
           D:3 |       0 |     118 |   0.0 |       0 |      26 |   0.0 |   903
           D:4 |       0 |     364 |   0.0 |       0 |      22 |   0.0 |  1010
           D:5 |       0 |     687 |   0.0 |       0 |      19 |   0.0 |   977
           D:6 |       0 |    2355 |   0.0 |       0 |      34 |   0.0 |  1502
           D:7 |       0 |    1416 |   0.0 |       0 |      41 |   0.0 |  1146
           D:8 |       0 |     453 |   0.0 |       0 |       5 |   0.0 |   269
           D:9 |       0 |    4127 |   0.0 |       0 |      19 |   0.0 |  2206
          D:10 |       0 |      72 |   0.0 |       0 |       3 |   0.0 |    35
        Lair:1 |       0 |    3746 |   0.0 |       0 |      19 |   0.0 |  1536
        Lair:2 |       0 |    4791 |   0.0 |       0 |      26 |   0.0 |  2208
        Lair:3 |       0 |    4428 |   0.0 |       0 |      23 |   0.0 |  1326
        Lair:4 |       0 |    6320 |   0.0 |       0 |      19 |   0.0 |  1392
        Lair:5 |       0 |    6668 |   0.0 |       0 |      42 |   0.0 |  1721
        Lair:6 |       0 |   16281 |   0.0 |       0 |      43 |   0.0 |  1873
               +---------+---------+-------+---------+---------+-------+---------
